[Event "Titled Tuesday Blitz April 05 Late 2022"]
[White "Hakobyan, Aram"]
[Black "Fedoseev, Vladimir"]
[WhiteFideId "13306677"]
[BlackFideId "24130737"]
[WhiteElo "2557"]
[BlackElo "2726"]
[Result "0-1"]
[Round "10"]
[TimeControl "180+1"]
[Date "2022.04.05"]
[WhiteClock "0:00:06"]
[BlackClock "0:00:22"]

1. d4 Nf6 2. c4 g6 3. Nc3 d5 4. Nf3 Bg7 5. Bg5 Ne4 6. Bf4 Nxc3 7. bxc3 c5 8. cxd5 Qxd5 9. e3 Nc6 10. Be2 cxd4 11. cxd4 O-O 12. O-O Bf5 13. h4 Rfc8 14. h5 Nb4 15. h6 Bf6 16. Qa4 a5 17. a3 Bd7 18. Qd1 Nc2 19. Rb1 b5 20. Qd3 Qa2 21. Ne5 Be6 22. Bf3 Bxe5 23. Bxe5 Bc4 24. Qd2 Bxf1 25. Rxf1 Ra7 26. Rc1 b4 27. axb4 axb4 28. Qxb4 Qa1 29. Qb1 Qxb1 30. Rxb1 Ra1 31. Rxa1 Nxa1 32. d5 Nb3 33. d6 exd6 34. Bxd6 Nd2 35. Be2 Ne4 36. Ba3 Rc3 37. Bf3 Nxf2 38. Bb2 Rc2 39. Bg7 Nd1 40. Bxd1 Rc1 41. e4 Rxd1+ 42. Kf2 Rd3 43. e5 f5 44. exf6 Kf7 45. Ke2 Rg3 46. Kf2 Ra3 47. g3 g5 48. Kg2 g4 49. Kf2 Rf3+ 50. Kg2 Kg6 51. Kh2 Kg5 52. Kg2 Kg6 53. Kh2 Kf7 54. Kg2 Ke6 55. Kh2 Kd5 56. Kg2 Ke4 57. Kh1 Ke3 58. Kg2 Ke2 59. Bh8 Rf2+ 60. Kg1 Rf1+ 61. Kg2 Rf5 62. Bg7 Ke1 63. Kg1 Ke2 64. Kg2 Kd3 65. Kg1 Rf3 66. Kg2 Ke4 67. Bh8 Ke3 68. Bg7 Rf2+ 69. Kg1 Ke2 70. Bh8 Rf5 71. Kg2 Kd3 72. Bg7 Kc4 73. Kg1 Kd5 74. Kg2 Ke6 75. Bh8 Rd5 76. Kf2 Rd3 77. Bg7 Rf3+ 78. Kg2 Rf5 79. Kg1 Rh5 80. Kg2 Kf7 81. Kg1 Re5 82. Kg2 Re2+ 83. Kg1 Ra2 84. Kf1 Kg6 85. Kg1 Ra3 86. Kf1 Rxg3 87. Kf2 Rf3+ 88. Kg2 Kg5 89. Kh2 Rxf6 90. Bxf6+ Kxf6 91. Kg2 Kg6 92. Kg3 Kg5 0-1


[Site "https://www.chess.com"]

[Event "Titled Tuesday Blitz April 05 Late 2022"]
[White "He, Anthony"]
[Black "Murzin, Volodar"]
[WhiteFideId "2088215"]
[BlackFideId "44155573"]
[WhiteElo "2415"]
[BlackElo "2585"]
[Result "0-1"]
[Round "10"]
[TimeControl "180+1"]
[Date "2022.04.05"]
[WhiteClock "0:00:02"]
[BlackClock "0:00:12"]

1. e4 c6 2. Nc3 d5 3. Nf3 Bg4 4. h3 Bxf3 5. Qxf3 Nf6 6. d3 e6 7. Bd2 g6 8. O-O-O Bg7 9. g4 O-O 10. Kb1 Nbd7 11. Qg2 Qb6 12. f4 dxe4 13. dxe4 Rfd8 14. e5 Nd5 15. Ne4 Nc5 16. Bc4 Na4 17. Bb3 Nc5 18. Bc1 a5 19. Bxd5 cxd5 20. Nxc5 Qxc5 21. Rd3 Rac8 22. Rhd1 b5 23. h4 b4 24. h5 Qc4 25. Rh3 Qe4 26. Qxe4 dxe4 27. Re1 Rd4 28. hxg6 hxg6 29. Rhe3 f5 30. exf6 Bxf6 31. Rxe4 Rxe4 32. Rxe4 Kf7 33. Re3 Rh8 34. a3 Rh1 35. axb4 axb4 36. Rd3 g5 37. Rf3 gxf4 38. Rxf4 Kg6 39. Re4 Kf7 40. Rf4 Ke7 41. Rxb4 Bg5 42. c3 Rxc1+ 43. Ka2 Rd1 44. Re4 Kd6 45. c4 e5 46. b4 Bf4 47. Kb3 Rd3+ 48. Kc2 Rg3 49. Re1 Rxg4 50. Rd1+ Kc6 51. Kd3 Rg3+ 52. Kc2 Rg2+ 53. Kd3 Ra2 54. Rh1 Rd2+ 55. Ke4 Rd4+ 56. Kf5 Rxc4 57. Rb1 Kb5 0-1


[Site "https://www.chess.com"]

[Event "Titled Tuesday Blitz April 05 Late 2022"]
[White "Hoffmann, Asa"]
[Black "Ricaurte Lopez, Juan Carlos"]
[WhiteFideId "2001470"]
[BlackFideId "3600327"]
[WhiteElo "2373"]
[BlackElo "2182"]
[Result "1-0"]
[Round "10"]
[TimeControl "180+1"]
[Date "2022.04.06"]
[WhiteClock "0:02:01"]
[BlackClock "0:00:13"]

1. d4 Nf6 2. Bg5 c5 3. d5 Qb6 4. Nc3 Qxb2 5. Bd2 Qb6 6. e4 d6 7. f4 c4 8. e5 dxe5 9. fxe5 Ng4 10. Qe2 Nd7 11. Nf3 e6 12. Rb1 Qc7 13. d6 Qc6 14. h3 Nh6 15. Qxc4 Qxc4 16. Bxc4 a6 17. g4 b5 18. Bd3 Bb7 19. Be4 Rb8 20. a4 f5 21. Bxb7 Rxb7 22. gxf5 Nxf5 23. axb5 axb5 24. Rxb5 Rxb5 25. Nxb5 Kf7 26. Ng5+ Kg6 27. Nxe6 1-0


[Site "https://www.chess.com"]

[Event "Titled Tuesday Blitz April 05 Late 2022"]
[White "Ilyasli, Ughur"]
[Black "Iskusnyh, Sergei"]
[WhiteFideId "13416197"]
[BlackFideId "4120027"]
[WhiteElo "2426"]
[BlackElo "2588"]
[Result "0-1"]
[Round "10"]
[TimeControl "180+1"]
[Date "2022.04.06"]
[WhiteClock "0:00:14"]
[BlackClock "0:00:43"]

1. d4 d5 2. c4 c6 3. Nf3 Nf6 4. e3 a6 5. c5 Bg4 6. Be2 Nbd7 7. O-O g6 8. Nc3 Bg7 9. b4 O-O 10. Bb2 Qc7 11. h3 Bxf3 12. Bxf3 e5 13. dxe5 Nxe5 14. Be2 Rad8 15. Qc2 Rfe8 16. a4 Qe7 17. Rad1 a5 18. Ba3 axb4 19. Bxb4 Ned7 20. Nb1 Ne4 21. Rc1 Qh4 22. Ba3 Ng5 23. Nd2 Ne5 24. f4 Nxh3+ 25. gxh3 Qg3+ 26. Kh1 Qxh3+ 27. Kg1 Qg3+ 28. Kh1 Qxe3 29. fxe5 Rxe5 30. Nf3 Rh5+ 31. Kg2 Qxa3 32. Rh1 Rxh1 33. Rxh1 Re8 34. Bd3 Re3 35. Rd1 Qb4 36. Kf2 Qf4 37. Be2 Bd4 38. Kg2 Qg4+ 39. Kf1 Rxf3+ 40. Bxf3 Qxf3+ 41. Ke1 Bc3+ 42. Rd2 Qe3+ 43. Kd1 Qxd2+ 44. Qxd2 Bxd2 45. Kxd2 h5 46. Ke3 h4 47. Kf4 g5+ 48. Kg4 d4 49. a5 d3 50. Kh5 d2 51. a6 bxa6 52. Kh6 d1=Q 53. Kxg5 h3 54. Kf6 Qe1 55. Kg5 Qf1 56. Kg4 h2 57. Kg3 h1=Q 58. Kg4 Qhg2+ 59. Kh5 Qfh1# 0-1


[Site "https://www.chess.com"]

[Event "Titled Tuesday Blitz April 05 Late 2022"]
[White "Janturin, Artur"]
[Black "Dobre, Claudiu-Cristian"]
[WhiteFideId "4130022"]
[BlackFideId "1211854"]
[WhiteElo "2356"]
[BlackElo "2487"]
[Result "1-0"]
[Round "10"]
[TimeControl "180+1"]
[Date "2022.04.06"]
[WhiteClock "0:00:31"]
[BlackClock "0:00:02"]

1. b3 d5 2. Bb2 Nf6 3. e3 Bf5 4. Nf3 e6 5. g3 Be7 6. Bg2 h6 7. O-O O-O 8. d3 Bh7 9. Nbd2 a5 10. a3 Nbd7 11. Qe2 Re8 12. e4 dxe4 13. dxe4 Nc5 14. Ne5 Nfd7 15. Rad1 Nxe5 16. Bxe5 Bf6 17. Nc4 Qe7 18. Rd2 Bxe5 19. Nxe5 Red8 20. Rfd1 Rxd2 21. Rxd2 Rd8 22. f3 c6 23. a4 f6 24. Nc4 Qc7 25. Qd1 Rxd2 26. Qxd2 e5 27. Qxa5 Qxa5 28. Nxa5 Kf8 29. Bf1 Ke7 30. Kf2 Kd6 31. Ke3 Kc7 32. Nc4 Bg8 33. a5 Ne6 34. c3 Nf8 35. b4 Nd7 36. Nd2 Nb8 37. Bc4 Bh7 38. Be6 Na6 39. Nb3 b6 40. axb6+ Kxb6 41. Bc4 Nc7 42. f4 Bg6 43. h4 exf4+ 44. gxf4 Be8 45. Nc5 g5 46. fxg5 fxg5 47. hxg5 hxg5 48. Ne6 Nxe6 49. Bxe6 c5 50. Kf3 Kc6 51. Bc4 Kd6 52. Kg4 cxb4 53. cxb4 Ke5 54. Bd5 Kf6 55. Bc4 1-0


[Site "https://www.chess.com"]

[Event "Titled Tuesday Blitz April 05 Late 2022"]
[White "Jarocka, Liwia"]
[Black "Saldano Dayer, Horacio"]
[WhiteFideId "21807558"]
[BlackFideId "103411"]
[WhiteElo "2371"]
[BlackElo "2497"]
[Result "1/2-1/2"]
[Round "10"]
[TimeControl "180+1"]
[Date "2022.04.06"]
[WhiteClock "0:00:21"]
[BlackClock "0:00:10"]

1. e4 d6 2. d4 Nf6 3. Nc3 e5 4. Nf3 Nbd7 5. Bc4 Be7 6. O-O Nb6 7. Bb3 exd4 8. Nxd4 O-O 9. Nde2 a5 10. a4 Nfd7 11. Ng3 Nc5 12. Be3 Nxb3 13. cxb3 Nd7 14. Rc1 Ne5 15. Nd5 Nc6 16. Kh1 f5 17. exf5 Bxf5 18. Nxf5 Rxf5 19. Nc3 Kh8 20. Nb5 Qd7 21. Qc2 Rf7 22. f3 Bf6 23. Bf2 Bg5 24. Rcd1 Re8 25. Rfe1 Rfe7 26. Rxe7 Rxe7 27. Re1 Rxe1+ 28. Bxe1 Bf6 29. Bc3 Bxc3 30. bxc3 Qe7 31. Qd2 h6 32. g3 b6 33. Kg2 Ne5 34. Nd4 Qf7 35. Qe2 c5 36. Nb5 Qxb3 37. Nxd6 Ng6 38. h4 Qd5 39. Nc4 Qc6 40. Qd3 Qf6 41. h5 Ne5 42. Nxe5 Qxe5 43. Qd8+ Kh7 44. Qd3+ Kh8 45. Qd8+ Kh7 46. Qd3+ Kh8 1/2-1/2


[Site "https://www.chess.com"]

[Event "Titled Tuesday Blitz April 05 Late 2022"]
[White "Javakhadze, Zurab"]
[Black "Xiong, Jeffery"]
[WhiteFideId "13603647"]
[BlackFideId "2047640"]
[WhiteElo "2381"]
[BlackElo "2727"]
[Result "0-1"]
[Round "10"]
[TimeControl "180+1"]
[Date "2022.04.05"]
[WhiteClock "0:00:49"]
[BlackClock "0:02:00"]

1. d4 g6 2. c4 Bg7 3. Nc3 d6 4. e4 e5 5. d5 a5 6. Be2 Na6 7. Be3 f5 8. exf5 gxf5 9. f4 e4 10. Nh3 Nf6 11. Bh5+ Kf8 12. Be2 h5 13. Ng5 Qe7 14. Nb5 Nc5 15. Nd4 Ng4 16. Bxg4 hxg4 17. Ke2 Bd7 18. Rc1 Bf6 19. h3 gxh3 20. gxh3 Bxg5 21. fxg5 Nd3 22. Rc3 f4 23. Bc1 Qxg5 24. Kd2 Qg2+ 0-1


[Site "https://www.chess.com"]

[Event "Titled Tuesday Blitz April 05 Late 2022"]
[White "Kazakouski, Valery"]
[Black "Kosteniuk, Alexandra"]
[WhiteFideId "13507443"]
[BlackFideId "4128125"]
[WhiteElo "2524"]
[BlackElo "2469"]
[Result "1-0"]
[Round "10"]
[TimeControl "180+1"]
[Date "2022.04.05"]
[WhiteClock "0:00:55"]
[BlackClock "0:00:27"]

1. d4 Nf6 2. c4 e6 3. g3 d5 4. Bg2 dxc4 5. Nf3 Nc6 6. O-O Rb8 7. Nc3 Be7 8. Qa4 O-O 9. Qxc4 Nb4 10. a3 Nbd5 11. Rd1 Bd7 12. Ne5 Be8 13. e4 Nxc3 14. Qxc3 Nd7 15. Nd3 c5 16. dxc5 Rc8 17. Be3 Qc7 18. Rac1 Bf6 19. Bd4 Bxd4 20. Qxd4 Nf6 21. e5 Nd5 22. Bxd5 exd5 23. Nf4 Bc6 24. Nxd5 Bxd5 25. Qxd5 Rfd8 26. Qf3 Rxd1+ 27. Rxd1 Qxe5 28. Rd7 Qe1+ 29. Kg2 Qe8 30. Rxb7 Rxc5 31. Rxa7 Rc8 32. b4 g6 33. a4 h5 34. h4 Qe6 35. Ra8 1-0


[Site "https://www.chess.com"]

[Event "Titled Tuesday Blitz April 05 Late 2022"]
[White "Kollars, Dmitrij"]
[Black "Herrera Reyes, Jose Antonio"]
[WhiteFideId "12909572"]
[BlackFideId "2274914"]
[WhiteElo "2584"]
[BlackElo "2361"]
[Result "1-0"]
[Round "10"]
[TimeControl "180+1"]
[Date "2022.04.05"]
[WhiteClock "0:01:46"]
[BlackClock "0:00:32"]

1. Nf3 Nf6 2. c4 c5 3. b3 b6 4. Bb2 Bb7 5. g3 Qc7 6. Bg2 e6 7. O-O Be7 8. Nc3 a6 9. d4 cxd4 10. Qxd4 O-O 11. Rac1 d6 12. Rfd1 Nbd7 13. Nd2 Bxg2 14. Kxg2 Qb7+ 15. Nde4 Rfd8 16. f3 Ne5 17. Nxf6+ Bxf6 18. Ne4 Be7 19. Ba3 Nc6 20. Qc3 d5 21. cxd5 exd5 22. Bb2 Bf8 23. Nf6+ gxf6 24. Qxf6 d4 25. Qxc6 Qe7 26. Qc4 Bg7 27. Qd3 Re8 28. Rd2 Rad8 29. Rc6 Qg5 30. Rdc2 Re3 31. Bc1 Qb5 32. Qxb5 axb5 33. Bxe3 dxe3 34. Rc8 1-0


[Site "https://www.chess.com"]

[Event "Titled Tuesday Blitz April 05 Late 2022"]
[White "Kosakowski, Jakub"]
[Black "Nasuta, Grzegorz"]
[WhiteFideId "1185080"]
[BlackFideId "1141686"]
[WhiteElo "2454"]
[BlackElo "2396"]
[Result "1/2-1/2"]
[Round "10"]
[TimeControl "180+1"]
[Date "2022.04.05"]
[WhiteClock "0:00:13"]
[BlackClock "0:00:33"]

1. Nf3 b6 2. g3 Bb7 3. Bg2 g6 4. O-O Bg7 5. d3 e6 6. e4 Ne7 7. Re1 d6 8. Nc3 Nd7 9. h4 h6 10. d4 a6 11. e5 dxe5 12. dxe5 Nc5 13. Qe2 Nd5 14. Nxd5 Bxd5 15. Be3 Qe7 16. c4 Bb7 17. Nd4 Bxg2 18. Kxg2 O-O 19. Nc6 Qe8 20. Qf3 Nd3 21. Re2 Nxe5 22. Nxe5 Bxe5 23. Bxh6 Bg7 24. Bxg7 Kxg7 25. h5 Rd8 26. Qc3+ f6 27. hxg6 e5 28. f4 Qxg6 29. fxe5 Rd3 30. exf6+ Rxf6 31. Qe5 Qf5 32. Qxf5 Rxf5 33. b3 Rff3 34. Re7+ Kf6 35. Rxc7 Rxg3+ 36. Kf2 Rgf3+ 37. Ke2 Rfe3+ 38. Kf2 Rf3+ 39. Kg2 Rg3+ 40. Kf2 Rgf3+ 1/2-1/2


[Site "https://www.chess.com"]

[Event "Titled Tuesday Blitz April 05 Late 2022"]
[White "Kozin, Yuri"]
[Black "Romero Ruscalleda, Josep"]
[WhiteFideId "4129920"]
[BlackFideId "2231859"]
[WhiteElo "2500"]
[BlackElo "2294"]
[Result "1-0"]
[Round "10"]
[TimeControl "180+1"]
[Date "2022.04.06"]
[WhiteClock "0:02:30"]
[BlackClock "0:01:39"]

1. e4 g6 2. d4 Bg7 3. Nc3 d6 4. Nf3 a6 5. Be3 b5 6. a4 b4 7. Na2 a5 8. c3 Bb7 9. Bc4 bxc3 10. Bxf7+ Kxf7 11. Qb3+ Ke8 12. Qxb7 Nd7 13. Nxc3 Qb8 14. Qc6 Nf6 15. Nb5 Kf8 16. e5 Ng4 17. Qxd7 1-0


[Site "https://www.chess.com"]

[Event "Titled Tuesday Blitz April 05 Late 2022"]
[White "Koziorowicz, Michal"]
[Black "Galego, Luis"]
[WhiteFideId "21809194"]
[BlackFideId "1900072"]
[WhiteElo "2235"]
[BlackElo "2516"]
[Result "0-1"]
[Round "10"]
[TimeControl "180+1"]
[Date "2022.04.05"]
[WhiteClock "0:01:08"]
[BlackClock "0:00:12"]

1. e4 c6 2. d4 d5 3. e5 Bf5 4. Nc3 e6 5. g4 Bg6 6. Nge2 Qh4 7. Nf4 Nd7 8. Ng2 Qd8 9. h4 h6 10. Nf4 Bh7 11. Be3 Qb6 12. Qd2 O-O-O 13. Bd3 Bxd3 14. Qxd3 Bb4 15. O-O g5 16. Nfe2 h5 17. Bxg5 hxg4 18. Bxd8 Qxd8 19. Kg2 Ne7 20. Rh1 Ng6 21. h5 Nh4+ 22. Kf1 Rxh5 23. Ng3 Rh8 24. Ke2 c5 25. Nb5 cxd4 26. Qxd4 Bc5 27. Qc3 Kb8 28. b4 Bb6 29. a4 a6 30. a5 Ba7 31. Nxa7 Kxa7 32. Qd4+ Kb8 33. Qxg4 Nxe5 34. Qf4 Ng6 35. Rxh8 Nxf4+ 36. Ke3 Qxh8 37. Rh1 Qf6 38. Rh2 Ng4+ 0-1


[Site "https://www.chess.com"]

[Event "Titled Tuesday Blitz April 05 Late 2022"]
[White "Kujawski, Adam"]
[Black "Morris-Suzuki, Sophie"]
[WhiteFideId "1100920"]
[BlackFideId "30922615"]
[WhiteElo "2353"]
[BlackElo "2497"]
[Result "0-1"]
[Round "10"]
[TimeControl "180+1"]
[Date "2022.04.06"]
[WhiteClock "0:00:02"]
[BlackClock "0:01:53"]

1. e4 c5 2. Nf3 e6 3. d4 cxd4 4. Nxd4 Nc6 5. Nc3 a6 6. a3 Qc7 7. Be3 Nf6 8. f4 d6 9. Be2 Bd7 10. Qd2 Be7 11. g4 Nxd4 12. Bxd4 Bc6 13. Bxf6 Bxf6 14. g5 Be7 15. O-O-O b5 16. h4 Qb7 17. Rhe1 a5 18. Nd5 exd5 19. exd5 Bd7 20. Bd3 Bg4 21. f5 f6 22. gxf6 gxf6 23. Rxe7+ Kxe7 0-1


[Site "https://www.chess.com"]

[Event "Titled Tuesday Blitz April 05 Late 2022"]
[White "Li, Ben"]
[Black "Czopor, Maciej"]
[WhiteFideId "2089980"]
[BlackFideId "21805431"]
[WhiteElo "2267"]
[BlackElo "1999"]
[Result "1-0"]
[Round "10"]
[TimeControl "180+1"]
[Date "2022.04.05"]
[WhiteClock "0:01:03"]
[BlackClock "0:00:01"]

1. d4 Nf6 2. c4 g6 3. Nc3 Bg7 4. e4 d6 5. Nf3 O-O 6. h3 Nbd7 7. Bg5 e5 8. d5 Qe8 9. Be2 h6 10. Be3 Nh5 11. Nh2 Nf4 12. Bf1 Nc5 13. g3 Nxh3 14. Nf3 Ng5 15. Nxg5 hxg5 16. Bxg5 f6 17. Be3 f5 18. Be2 Nxe4 19. Nxe4 fxe4 20. Qd2 b5 21. c5 dxc5 22. Bxc5 Rf7 23. O-O-O Bf5 24. Be3 Qd7 25. Kb1 Bg4 26. Bxg4 Qxg4 27. Qb4 a6 28. Rc1 Rd8 29. Rhd1 Bf8 30. Qb3 Bd6 31. Rd2 Rdf8 32. Rc6 Qh3 33. Rxa6 Qf1+ 34. Qd1 Qxd1+ 35. Rxd1 Rxf2 36. Bxf2 Rxf2 37. Re1 Bc5 38. Rxg6+ Kf7 39. Rc6 Bd4 40. Rc2 Rf3 41. Rxc7+ Kf6 42. Rxe4 Rxg3 43. Re2 Kf5 44. Rf7+ Kg6 45. Rf1 1-0


[Site "https://www.chess.com"]

[Event "Titled Tuesday Blitz April 05 Late 2022"]
[White "Mekhitarian, Krikor Sevag"]
[Black "Jumabayev, Rinat"]
[WhiteFideId "2107660"]
[BlackFideId "13702661"]
[WhiteElo "2598"]
[BlackElo "2561"]
[Result "0-1"]
[Round "10"]
[TimeControl "180+1"]
[Date "2022.04.05"]
[WhiteClock "0:00:13"]
[BlackClock "0:01:46"]

1. Nf3 d5 2. c4 d4 3. b4 c5 4. g3 f6 5. Bg2 e5 6. O-O cxb4 7. a3 Nc6 8. e3 a5 9. axb4 Bxb4 10. exd4 Nxd4 11. Nxd4 Qxd4 12. Nc3 Ne7 13. Qe2 Be6 14. Bxb7 Bxc4 15. Qh5+ Bf7 16. Qf3 Rd8 17. Bb2 Qd3 18. Qg4 O-O 19. Ne4 Bg6 20. Rfe1 f5 0-1


[Site "https://www.chess.com"]

[Event "Titled Tuesday Blitz April 05 Late 2022"]
[White "Mickiewicz, Piotr"]
[Black "Kozak, Antoni"]
[WhiteFideId "1114891"]
[BlackFideId "21832030"]
[WhiteElo "2266"]
[BlackElo "2236"]
[Result "1-0"]
[Round "10"]
[TimeControl "180+1"]
[Date "2022.04.05"]
[WhiteClock "0:00:13"]
[BlackClock "0:00:07"]

1. Nf3 f5 2. b3 d6 3. Bb2 e5 4. d3 Nf6 5. g3 Be7 6. Bg2 O-O 7. O-O Qe8 8. c4 Nc6 9. a3 a5 10. Nc3 Qh5 11. e3 g5 12. Nd5 Bd8 13. Nd2 Qg6 14. f4 Nxd5 15. cxd5 Ne7 16. fxe5 dxe5 17. Bxe5 c6 18. d6 Nd5 19. Qe2 Bf6 20. d4 Be6 21. e4 Nc3 22. Qd3 Nxe4 23. Nxe4 fxe4 24. Bxe4 Qh6 25. Bxf6 Rxf6 26. Bxh7+ Kg7 27. Rxf6 Qxf6 28. Rf1 Qh6 29. Bf5 Bd5 30. Qe3 Rf8 31. Qe5+ Qf6 32. Bc2 Qxe5 33. dxe5 Re8 34. Rf5 g4 35. Rg5+ Kf8 36. Bg6 Re6 37. Rf5+ Kg7 38. Bf7 Rh6 39. Bxd5 cxd5 40. d7 Rh8 41. e6 d4 42. e7 d3 43. e8=Q d2 44. Qf7+ Kh6 45. Rh5# 1-0


[Site "https://www.chess.com"]

[Event "Titled Tuesday Blitz April 05 Late 2022"]
[White "Mikhailov, Viacheslav"]
[Black "Constantinou, Peter"]
[WhiteFideId "4187369"]
[BlackFideId "413038"]
[WhiteElo "2381"]
[BlackElo "2230"]
[Result "1-0"]
[Round "10"]
[TimeControl "180+1"]
[Date "2022.04.05"]
[WhiteClock "0:01:29"]
[BlackClock "0:00:08"]

1. Nf3 d5 2. g3 c5 3. Bg2 Nc6 4. d4 Nf6 5. O-O e6 6. c4 dxc4 7. dxc5 Qxd1 8. Rxd1 Bxc5 9. Nbd2 c3 10. bxc3 O-O 11. Nb3 Be7 12. Rb1 e5 13. Be3 Bf5 14. Ra1 Rac8 15. Bc5 Bxc5 16. Nxc5 b6 17. Nb7 Rc7 18. Nd6 Bg4 19. Nb5 Rcc8 20. h3 Bxf3 21. Bxf3 e4 22. Bg2 Ne5 23. Nxa7 Rxc3 24. Nb5 Rc2 25. Nd4 Rb2 26. Rdb1 Rxb1+ 27. Rxb1 Ra8 28. Rxb6 h5 29. Rb2 Ra3 30. Nf5 g6 31. Ne3 Kg7 32. Rc2 Ra4 33. Nf1 Nc4 34. Nd2 Nxd2 35. Rxd2 h4 36. gxh4 e3 37. fxe3 Rxh4 38. Rd4 Rh5 39. a4 Ra5 40. Bc6 Ng8 41. Bb5 Ne7 42. e4 Kf6 43. Rd7 Ke6 44. Kf2 Ng8 45. Rb7 Nf6 46. Ke3 Ke5 47. Rxf7 g5 48. Rg7 1-0


[Site "https://www.chess.com"]

[Event "Titled Tuesday Blitz April 05 Late 2022"]
[White "Mikhalsky, Vladimir"]
[Black "Derraugh, Geordie"]
[WhiteFideId "14144352"]
[BlackFideId "2603950"]
[WhiteElo "2514"]
[BlackElo "2422"]
[Result "1-0"]
[Round "10"]
[TimeControl "180+1"]
[Date "2022.04.06"]
[WhiteClock "0:00:30"]
[BlackClock "0:00:56"]

1. e4 c5 2. Nf3 d6 3. Bb5+ Bd7 4. Bxd7+ Qxd7 5. c4 Nc6 6. d4 cxd4 7. Nxd4 Nf6 8. Nc3 g6 9. f3 Bg7 10. Be3 O-O 11. O-O Rac8 12. b3 Rfd8 13. Rc1 b6 14. Re1 e6 15. f4 d5 16. cxd5 exd5 17. e5 Ng4 18. Nxc6 Nxe3 19. Rxe3 Rxc6 20. Rd3 d4 21. Ne4 Rxc1 22. Qxc1 Qf5 23. Nf2 Bh6 24. g3 Qxe5 25. Ng4 Qg7 26. Qc7 Re8 27. Qd7 Rf8 28. Kg2 g5 29. f5 f6 30. Rxd4 Qxd7 31. Rxd7 Bg7 32. Rxa7 Rd8 33. Ne3 Rd2+ 34. Kf3 Rxh2 35. Nd5 b5 36. Nc7 Rd2 37. Ne6 Bh6 38. Kg4 Rd5 39. a4 b4 40. a5 Rd3 41. a6 Rxb3 42. Ra8+ Kf7 43. a7 Ra3 44. Rh8 1-0


[Site "https://www.chess.com"]

[Event "Titled Tuesday Blitz April 05 Late 2022"]
[White "Mkrtchyan, Mariam"]
[Black "Keymer, Vincent"]
[WhiteFideId "13310828"]
[BlackFideId "12940690"]
[WhiteElo "1984"]
[BlackElo "2557"]
[Result "0-1"]
[Round "10"]
[TimeControl "180+1"]
[Date "2022.04.05"]
[WhiteClock "0:00:11"]
[BlackClock "0:00:10"]

1. d4 Nf6 2. Nf3 e6 3. c4 d5 4. g3 Bb4+ 5. Bd2 Be7 6. Bg2 O-O 7. O-O c6 8. Qc2 Nbd7 9. Bf4 a5 10. Nbd2 Nh5 11. Be3 f5 12. Nb3 g5 13. a4 f4 14. Bd2 g4 15. Ne1 Bd6 16. Nd3 Qe7 17. c5 Bc7 18. Rae1 e5 19. dxe5 fxg3 20. hxg3 Nxe5 21. Bc3 Nxd3 22. Qxd3 Nf6 23. e4 dxe4 24. Bxe4 Qf7 25. Nd4 Bd7 26. Nf5 Bxf5 27. Bxf5 Rae8 28. Qd4 Rd8 29. Qe3 Qh5 30. Qe6+ Qf7 31. Bxf6 Rde8 32. Bxh7+ Kxh7 33. Qxf7+ Rxf7 34. Rxe8 Kg6 35. Bc3 Rf5 36. Re4 Rxc5 37. Rxg4+ Kf5 38. Rh4 Kg6 39. Re1 Bd8 40. Rhe4 Rd5 41. Re6+ Kf7 42. R6e2 b5 43. Kg2 b4 44. Bd2 c5 45. Bf4 Bf6 46. Rd2 Rxd2 47. Bxd2 Bxb2 48. g4 c4 49. g5 c3 50. Bf4 c2 51. Bc1 Bxc1 52. Rxc1 b3 53. f4 b2 54. Rxc2 b1=Q 55. Rf2 Qe4+ 56. Kg3 Qf5 57. Re2 Qd3+ 58. Kf2 Kg6 59. Re5 Qd4+ 60. Kf3 Qxa4 61. Kg4 Qd1+ 62. Kg3 a4 63. Re6+ Kf7 64. Rf6+ Kg7 65. f5 a3 66. Rg6+ Kf7 67. Rf6+ Ke7 68. Re6+ Kd7 69. g6 a2 70. g7 a1=Q 71. g8=Q Qg1+ 72. Kf4 Qxg8 73. Rg6 Qc4+ 0-1


[Site "https://www.chess.com"]

[Event "Titled Tuesday Blitz April 05 Late 2022"]
[White "Moral Garcia, Serafin"]
[Black "Novikova, Galina"]
[WhiteFideId "2201925"]
[BlackFideId "4157095"]
[WhiteElo "2507"]
[BlackElo "2386"]
[Result "0-1"]
[Round "10"]
[TimeControl "180+1"]
[Date "2022.04.06"]
[WhiteClock "0:00:38"]
[BlackClock "0:01:16"]

1. c4 e6 2. g3 f5 3. Bg2 Nf6 4. Nc3 d6 5. d3 Be7 6. e3 e5 7. Nge2 O-O 8. O-O Nc6 9. Rb1 a5 10. a3 Kh8 11. b4 g5 12. b5 Nb8 13. f4 gxf4 14. exf4 Nbd7 15. fxe5 Nxe5 16. Nd4 Nfg4 17. h3 Nf6 18. Nxf5 Bxf5 19. Rxf5 Rg8 20. g4 Qd7 21. Bf4 Nexg4 22. hxg4 Rxg4 23. Rxf6 Rag8 24. Rb2 Bxf6 25. d4 Rxf4 26. Ne2 Rxg2+ 0-1


[Site "https://www.chess.com"]

[Event "Titled Tuesday Blitz April 05 Late 2022"]
[White "Naroditsky, Daniel"]
[Black "Dreev, Aleksey"]
[WhiteFideId "2026961"]
[BlackFideId "4100107"]
[WhiteElo "2608"]
[BlackElo "2625"]
[Result "1/2-1/2"]
[Round "10"]
[TimeControl "180+1"]
[Date "2022.04.05"]
[WhiteClock "0:00:03"]
[BlackClock "0:00:08"]

1. e4 c5 2. Nf3 e6 3. d4 cxd4 4. Nxd4 Nf6 5. Nc3 Nc6 6. g3 Bb4 7. Bg2 d6 8. O-O O-O 9. Nb3 Bxc3 10. bxc3 Qc7 11. g4 e5 12. g5 Ne8 13. f4 exf4 14. Bxf4 Ne5 15. Qe1 Be6 16. Nd4 Bc4 17. Rf2 g6 18. Qd2 Ng7 19. Bh3 Rae8 20. a4 a6 21. Re1 Ne6 22. Bg3 Qd8 23. Bh4 h6 24. Kh1 Nxg5 25. Rg1 Nxe4 26. Bxd8 Nxd2 27. Bc7 Ne4 28. Rf4 d5 29. Nf5 Kh7 30. Nd6 Re7 31. Nxe4 Rxc7 32. Nf6+ Kg7 33. Re1 Nc6 34. Bg2 Re7 35. Rg1 Rd8 36. Bf3 Rd6 37. Nh5+ Kh7 38. Nf6+ Kh8 39. Ng4 h5 40. Nf2 Ne5 41. Bg2 Kg7 42. Rd1 Rf6 43. Rxf6 Kxf6 44. Bxd5 Rd7 45. Be4 Rxd1+ 46. Nxd1 b6 47. Ne3 a5 48. Kg2 Ke6 49. Kg3 f5 50. Bb7 Kf6 51. h4 Be6 52. Kf4 Nf7 53. Bd5 Nd6 54. Bg2 Nf7 55. Bd5 g5+ 56. hxg5+ Nxg5 57. Bg2 Nf7 58. c4 Nd6 59. Bd5 Bd7 60. Bf3 h4 61. Nd5+ Ke6 62. Nxb6 h3 63. c5 Nf7 64. c6 Be8 65. c7 Nd6 66. c8=Q+ Nxc8 67. Nxc8 Bxa4 68. Nb6 Bxc2 69. Kg3 a4 70. Kxh3 a3 71. Bd5+ Kd6 72. Ba2 Kc5 73. Nd5 Kd4 74. Kg3 Be4 75. Nb6 Kc3 76. Na4+ Kb4 77. Nb6 Kc3 78. Kf4 Kb2 79. Be6 Bc2 80. Nc4+ Ka2 81. Nd2+ Kb2 82. Nc4+ Ka2 83. Nxa3+ Kxa3 84. Bxf5 1/2-1/2


[Site "https://www.chess.com"]

[Event "Titled Tuesday Blitz April 05 Late 2022"]
[White "Nazaretyan, Tigran"]
[Black "Bachmann, Axel"]
[WhiteFideId "24162345"]
[BlackFideId "3700488"]
[WhiteElo "2611"]
[BlackElo "2517"]
[Result "1-0"]
[Round "10"]
[TimeControl "180+1"]
[Date "2022.04.06"]
[WhiteClock "0:00:33"]
[BlackClock "0:00:08"]

1. d4 Nf6 2. c4 g6 3. Nf3 Bg7 4. Nc3 O-O 5. e4 d6 6. Be2 Na6 7. O-O e5 8. Be3 Qe7 9. Qc2 Ng4 10. Bg5 f6 11. Bh4 Nh6 12. c5 exd4 13. Bxa6 dxc3 14. cxd6 Qxd6 15. Bc4+ Nf7 16. Rad1 Qe7 17. e5 g5 18. exf6 Bxf6 19. Rfe1 Qc5 20. Bxg5 Bxg5 21. Qxc3 Be7 22. Rd5 Bf6 23. Rxc5 Bxc3 24. bxc3 c6 25. Ng5 Bd7 26. Re7 Rae8 27. Rce5 Rxe7 28. Rxe7 b5 29. Bxf7+ Kg7 30. Rxd7 Kf6 31. Nxh7+ Ke5 32. Nxf8 c5 33. Rxa7 b4 34. cxb4 cxb4 35. h4 Kd4 36. h5 Kc3 37. h6 b3 38. axb3 Kb2 39. h7 Kb1 40. h8=Q Kc1 41. Qc3+ Kd1 42. Bh5# 1-0


[Site "https://www.chess.com"]